Canadiens vs Rangers

Created - 1 octobre 2019 at 18:23

Simulating a Pre-Season

Goals
1 2 3 T
Canadiens 0 0 2 2
Rangers 0 1 3 4
Shots
1 2 3 T
Canadiens 13 13 14 40
Rangers 3 16 12 31

1st period

No Goal

Penalties :
Chris Kreider (MTL) for High sticking (Double Minor) at 3:06, Ron Hainsey (NYR) for Hooking (Minor) at 13:30, Nate Thompson (MTL) for High sticking (Minor) at 17:51

2nd period

1. Rangers , Jason Zucker 3 (Kyle Connor 9) at 4:50

Penalties :
Adam Larsson (MTL) for Hooking (Minor) at 2:39, Oskar Sundqvist (NYR) for Tripping (Minor) at 8:44

3rd period

2. Canadiens , Andreas Athanasiou 5 (Chris Kreider 5, Mathew Barzal 7) at 1:22
3. Rangers , Matt Duchene 7 (Brayden Schenn 6, Erik Karlsson 6) at 1:56
4. Rangers , Jason Zucker 4 (Ron Hainsey 5, Kyle Connor 10) at 3:45
5. Rangers , Kyle Connor 4 (Erik Karlsson 7, Alexandar Georgiev) at 4:37
6. Canadiens , Andreas Athanasiou 6 (Brent Seabrook 4, Mathew Barzal 8) at 8:02

Penalties :
No Penalty

Goalie Stats

Robin Lehner (MTL), 27 saves from 31 shots - (0,871), L, 6-3-1, 60:00 minutes
Alexandar Georgiev (NYR), 38 saves from 40 shots - (0,950), W, 2-1-0, 60:00 minutes

Players Stats for Canadiens

Player Name              G  A  P  +/- PIM S  H  SB GA TA FO     MP     PP MP  PK MP  
------------------------------------------------------------------------------------
Adam Larsson             0  0  0   0  2   1  2  0  0  2  0/0    18:55   2:05   0:32 
Andreas Athanasiou       2  0  2  -1  0   3  1  2  1  0  0/1    16:55   2:12   0:51 
Brandon Pirri            0  0  0   0  0   3  0  0  1  0  0/1     6:21   0:00   0:00 
Brent Seabrook           0  1  1   0  0   1  4  0  0  0  0/0    22:32   1:37   4:05 
Brett Pesce              0  0  0  -2  0   0  1  0  0  2  0/0    20:13   2:21   3:20 
Bryan Little             0  0  0   0  0   2  1  1  0  0  8/11   17:57   2:12   3:28 
Chris Kreider            0  1  1  -1  4   2  0  1  1  0  0/0    15:08   1:34   0:00 
Jake Muzzin              0  0  0   0  0   2  1  0  0  1  0/0    18:37   1:13   0:32 
John Moore               0  0  0  -2  0   2  1  1  0  0  0/0    18:21   0:00   3:20 
Magnus Paajarvi          0  0  0   0  0   3  1  0  0  1  0/0    11:58   0:43   3:27 
Mathew Barzal            0  2  2  -1  0   3  0  2  1  0  4/13   16:41   2:12   0:36 
Max Pacioretty           0  0  0  -1  0   2  3  1  2  0  0/0    15:25   0:00   0:00 
Mitch Marner             0  0  0  -1  0   5  0  1  2  0  2/3    18:09   1:03   1:38 
Nate Thompson            0  0  0   0  2   1  0  0  0  0  1/3     9:33   0:12   2:26 
Nino Niederreiter        0  0  0   0  0   1  1  0  2  0  1/3    13:04   0:43   0:00 
Ryan O'Reilly            0  0  0  -1  0   6  1  0  2  1  17/20  19:59   1:03   3:28 
Sven Baertschi           0  0  0   0  0   1  1  1  0  0  0/0    10:51   0:00   0:00 
Travis Hamonic           0  0  0   0  0   2  1  2  0  0  0/0    21:21   0:40   4:05 

Players Stats for Rangers

Player Name              G  A  P  +/- PIM S  H  SB GA TA FO     MP     PP MP  PK MP  
------------------------------------------------------------------------------------
Ben Harpur               0  0  0   0  0   0  0  1  0  1  0/0    11:38   0:32   0:00 
Brayden Schenn           0  1  1  -1  0   4  2  2  0  1  0/1    22:33   4:39   2:24 
Caleb Jones              0  0  0   0  0   1  0  2  0  0  0/0    12:47   0:00   1:13 
Carter Verhaeghe         0  0  0   0  0   0  0  0  0  0  0/0     1:28   0:41   0:00 
Dan Girardi              0  0  0   0  0   0  2  0  0  0  0/0    20:29   2:33   2:07 
Erik Karlsson            0  2  2   2  0   2  2  0  2  2  0/0    27:02   4:52   1:27 
Jason Garrison           0  0  0   0  0   0  0  0  0  1  0/0     3:41   0:32   0:00 
Jason Spezza             0  0  0   0  0   1  0  1  0  0  2/3     6:22   0:00   0:00 
Jason Zucker             2  0  2   2  0   4  0  1  0  0  0/0    16:46   2:25   0:00 
Johan Larsson            0  0  0   0  0   0  0  1  0  0  0/0     6:22   0:00   0:00 
Justin Williams          0  0  0  -1  0   1  2  1  0  4  1/3    21:19   4:41   1:06 
Kyle Connor              1  2  3   2  0   2  2  3  1  2  6/15   17:55   2:25   1:06 
Matt Duchene             1  0  1  -1  0   5  1  1  1  0  10/25  22:33   4:39   2:24 
Matt Niskanen            0  0  0   2  0   1  2  1  0  0  0/0    24:44   4:52   1:51 
Nazem Kadri              0  0  0   2  0   3  0  1  1  0  0/1    16:46   2:25   0:00 
Oskar Sundqvist          0  0  0   1  2   2  0  0  0  0  0/1    11:40   0:10   0:00 
Paul Byron               0  0  0   1  0   0  0  0  2  0  2/2    12:17   0:00   0:28 
Pierre-Edouard Bellemare 0  0  0   0  0   1  0  0  0  1  0/0     7:33   0:53   0:28 
Ron Hainsey              0  1  1   0  2   0  1  0  0  0  0/0    19:39   2:33   1:18 
Vinnie Hinostroza        0  0  0   1  0   4  1  0  0  0  1/4    12:26   0:53   0:00 

3 Stars

1 - Kyle Connor (NYR)
2 - Jason Zucker (NYR)
3 - Alexandar Georgiev (NYR)

Power Play

Canadiens - 0 on 2 Attempt(s) - 0,00%
Rangers - 0 on 4 Attempt(s) - 0,00%

Penalty Kill

Canadiens - 4 on 4 Attempt(s) - 100,00% - Score 0 goal in Penalty Kill
Rangers - 2 on 2 Attempt(s) - 100,00% - Score 0 goal in Penalty Kill

Team Stat

Canadiens - Hits : 19 - Faceoff Wins : 33 - Blocked Shots : 12 - Penalty Minutes : 8
Rangers - Hits : 15 - Faceoff Wins : 22 - Blocked Shots : 15 - Penalty Minutes : 4

Official

Referees : Francis Charron and Kyle Rehman
Linesman : Jay Sharrers and Derek Nansen

Game Notes

Sven Baertschi is injured at 16:51 of 3rd period (Bruised Right Leg)

Canadiens

5 vs 5 Forward 
   Center                   Left Wing                Right Wing               Time % Phy DF OF 
 1 Ryan O'Reilly            Max Pacioretty           Mitch Marner             33     0   2  3  
 2 Mathew Barzal            Chris Kreider            Andreas Athanasiou       33     0   2  3  
 3 Bryan Little             Sven Baertschi           Nino Niederreiter        29     0   2  3  
 4 Nate Thompson            Magnus Paajarvi          Brandon Pirri            5      0   3  2  

5 vs 5 Defense 
   Defense                  Defense                                           Time % Phy DF OF 
 1 Brent Seabrook           Jake Muzzin                                       33     0   3  2  
 2 Adam Larsson             Travis Hamonic                                    33     0   3  2  
 3 Brett Pesce              John Moore                                        29     0   3  2  
 4 Adam Larsson             Jake Muzzin                                       5      0   3  2  

PowerPlay Forward 
   Center                   Left Wing                Right Wing               Time % Phy DF OF 
 1 Ryan O'Reilly            Chris Kreider            Mitch Marner             50     0   2  3  
 2 Mathew Barzal            Andreas Athanasiou       Bryan Little             50     0   2  3  

PowerPlay Defense
   Defense                  Defense                                           Time % Phy DF OF 
 1 Brett Pesce              Jake Muzzin                                       50     0   3  2  
 2 Adam Larsson             Brent Seabrook                                    50     0   3  2  

Penalty Kill 4 Players Forward 
   Center                   Wing                     Time % Phy DF OF 
 1 Ryan O'Reilly            Magnus Paajarvi          50     0   2  2  
 2 Nate Thompson            Bryan Little             50     0   3  2  

Penalty Kill 4 Players Defense
   Defense                  Defense                  Time % Phy DF OF 
 1 Brent Seabrook           Travis Hamonic           50     0   4  1  
 2 John Moore               Brett Pesce              50     0   4  1  

Penalty Kill - 3 Players Forward 
   Forward                                           Time % Phy DF OF 
 1 Ryan O'Reilly                                     50     0   4  1  
 2 Magnus Paajarvi                                   50     0   4  1  

Penalty Kill - 3 Players Defense
   Defense                  Defense                  Time % Phy DF OF 
 1 Brent Seabrook           Travis Hamonic           50     0   5  0  
 2 Brett Pesce              Travis Hamonic           50     0   5  0  

4 vs 4 Forward 
   Center                   Wing                     Time % Phy DF OF 
 1 Mathew Barzal            Andreas Athanasiou       50     0   2  3  
 2 Ryan O'Reilly            Mitch Marner             50     0   2  3  

4 vs 4 Defense
   Defense                  Defense                  Time % Phy DF OF 
 1 Brent Seabrook           Jake Muzzin              50     0   3  2  
 2 Adam Larsson             Travis Hamonic           50     0   3  2  

Last Minutes Offensive
   Center                   Left Wing                Right Wing               Defense                  Defense                  
   Ryan O'Reilly            Chris Kreider            Mitch Marner             Brent Seabrook           Jake Muzzin              

Last Minutes Defensive
   Center                   Left Wing                Right Wing               Defense                  Defense                  
   Ryan O'Reilly            Nate Thompson            Magnus Paajarvi          Travis Hamonic           Brent Seabrook           

Goaltenders
Starting : Robin Lehner             
Backup : Laurent Brossoit         

Extra Forwards
Normal : Bryan Little, Nino Niederreiter, Magnus Paajarvi - PP : Nino Niederreiter, Max Pacioretty - PK : Mitch Marner
Extra Defensemen
Normal : Brett Pesce, John Moore, Jake Muzzin - PP : Travis Hamonic - PK : Adam Larsson, Jake Muzzin
Penalty Shots
Andreas Athanasiou, Brent Seabrook, Ryan O'Reilly, Brett Pesce, Mitch Marner
Custom OT Lines Forwards
Ryan O'Reilly, Mitch Marner, Chris Kreider, Mathew Barzal, Andreas Athanasiou, Max Pacioretty, Bryan Little, Nino Niederreiter, Magnus Paajarvi, Sven Baertschi
Custom OT Lines Defensemen
Brent Seabrook, Jake Muzzin, Adam Larsson, Travis Hamonic, Brett Pesce

Scratches
Anthony DeAngelo (Healthy)

Rangers

5 vs 5 Forward 
   Center                   Left Wing                Right Wing               Time % Phy DF OF 
 1 Matt Duchene             Brayden Schenn           Justin Williams          40     1   2  2  
 2 Kyle Connor              Nazem Kadri              Jason Zucker             30     1   2  2  
 3 Vinnie Hinostroza        Paul Byron               Oskar Sundqvist          20     1   2  2  
 4 Jason Spezza             Johan Larsson            Pierre-Edouard Bellemare 10     1   2  2  

5 vs 5 Defense 
   Defense                  Defense                                           Time % Phy DF OF 
 1 Erik Karlsson            Matt Niskanen                                     40     1   2  2  
 2 Ron Hainsey              Dan Girardi                                       30     1   2  2  
 3 Ben Harpur               Caleb Jones                                       20     1   2  2  
 4 Jason Garrison           Erik Karlsson                                     10     1   2  2  

PowerPlay Forward 
   Center                   Left Wing                Right Wing               Time % Phy DF OF 
 1 Matt Duchene             Brayden Schenn           Justin Williams          60     1   2  2  
 2 Kyle Connor              Nazem Kadri              Jason Zucker             40     1   2  2  

PowerPlay Defense
   Defense                  Defense                                           Time % Phy DF OF 
 1 Erik Karlsson            Matt Niskanen                                     60     1   2  2  
 2 Ron Hainsey              Dan Girardi                                       40     1   2  2  

Penalty Kill 4 Players Forward 
   Center                   Wing                     Time % Phy DF OF 
 1 Matt Duchene             Brayden Schenn           60     1   2  2  
 2 Kyle Connor              Justin Williams          40     1   2  2  

Penalty Kill 4 Players Defense
   Defense                  Defense                  Time % Phy DF OF 
 1 Erik Karlsson            Matt Niskanen            60     1   2  2  
 2 Ron Hainsey              Dan Girardi              40     1   2  2  

Penalty Kill - 3 Players Forward 
   Forward                                           Time % Phy DF OF 
 1 Matt Duchene                                      60     1   2  2  
 2 Brayden Schenn                                    40     1   2  2  

Penalty Kill - 3 Players Defense
   Defense                  Defense                  Time % Phy DF OF 
 1 Erik Karlsson            Matt Niskanen            60     1   2  2  
 2 Ron Hainsey              Dan Girardi              40     1   2  2  

4 vs 4 Forward 
   Center                   Wing                     Time % Phy DF OF 
 1 Matt Duchene             Brayden Schenn           60     1   2  2  
 2 Kyle Connor              Justin Williams          40     1   2  2  

4 vs 4 Defense
   Defense                  Defense                  Time % Phy DF OF 
 1 Erik Karlsson            Matt Niskanen            60     1   2  2  
 2 Ron Hainsey              Dan Girardi              40     1   2  2  

Last Minutes Offensive
   Center                   Left Wing                Right Wing               Defense                  Defense                  
   Matt Duchene             Brayden Schenn           Justin Williams          Erik Karlsson            Matt Niskanen            

Last Minutes Defensive
   Center                   Left Wing                Right Wing               Defense                  Defense                  
   Matt Duchene             Brayden Schenn           Justin Williams          Erik Karlsson            Matt Niskanen            

Goaltenders
Starting : Alexandar Georgiev       
Backup : Philipp Grubauer         

Extra Forwards
Normal : Carter Verhaeghe, Vinnie Hinostroza, Paul Byron - PP : Carter Verhaeghe, Vinnie Hinostroza - PK : Paul Byron
Extra Defensemen
Normal : Ben Harpur, Caleb Jones, Jason Garrison - PP : Ben Harpur - PK : Caleb Jones, Jason Garrison
Penalty Shots
Matt Duchene, Brayden Schenn, Kyle Connor, Justin Williams, Nazem Kadri
Custom OT Lines Forwards
Matt Duchene, Brayden Schenn, Kyle Connor, Justin Williams, Nazem Kadri, Jason Zucker, Vinnie Hinostroza, Paul Byron, Oskar Sundqvist, Jason Spezza
Custom OT Lines Defensemen
Erik Karlsson, Matt Niskanen, Ron Hainsey, Dan Girardi, Ben Harpur

Scratches
Michael Rasmussen (Healthy), Alex Nedeljkovic (Healthy)

% Time on Ice - Canadiens

Lines # - Real PCT - Wanted PCT - Time Play
Normal Forward
1 - 32% - 33% - 15:36
2 - 29% - 33% - 14:09
3 - 25% - 29% - 11:59
4 - 13% - 5% - 6:21
Normal Defense
1 - 35% - 33% - 16:45
2 - 35% - 33% - 16:51
3 - 30% - 29% - 14:29
4 - 0% - 5% - 0:00
PP Forward
1 - 39% - 50% - 1:34
2 - 61% - 50% - 2:24
PP Defense
1 - 47% - 50% - 1:53
2 - 53% - 50% - 2:05
PK Forward
1 - 51% - 50% - 4:01
2 - 49% - 50% - 3:56
PK Defense
1 - 51% - 50% - 4:05
2 - 49% - 50% - 3:52
PK3 Forward
1 - 0% - 50%
2 - 0% - 50%
PK3 Defense
1 - 0% - 50%
2 - 0% - 50%
44 Forward
1 - 0% - 50%
2 - 0% - 50%
44 Defense
1 - 0% - 50%
2 - 0% - 50%
Last Minute Offensive  - 0:00
Last Minute Defensive  - 0:00
Total
Forward - 60:00
Defense - 60:00

% Time on Ice - Rangers

Lines # - Real PCT - Wanted PCT - Time Play
Normal Forward
1 - 32% - 40% - 15:30
2 - 31% - 30% - 14:45
3 - 24% - 20% - 11:28
4 - 13% - 10% - 6:22
Normal Defense
1 - 37% - 40% - 18:01
2 - 33% - 30% - 15:49
3 - 23% - 20% - 11:06
4 - 7% - 10% - 3:09
PP Forward
1 - 69% - 60% - 5:28
2 - 31% - 40% - 2:29
PP Defense
1 - 68% - 60% - 5:24
2 - 32% - 40% - 2:33
PK Forward
1 - 72% - 60% - 2:52
2 - 28% - 40% - 1:06
PK Defense
1 - 47% - 60% - 1:51
2 - 53% - 40% - 2:07
PK3 Forward
1 - 0% - 60%
2 - 0% - 40%
PK3 Defense
1 - 0% - 60%
2 - 0% - 40%
44 Forward
1 - 0% - 60%
2 - 0% - 40%
44 Defense
1 - 0% - 60%
2 - 0% - 40%
Last Minute Offensive  - 0:00
Last Minute Defensive  - 0:00
Total
Forward - 60:00
Defense - 60:00

Play-by-Play

1st period


0:01 of 1st period - Ryan O'Reilly wins face-off versus Matt Duchene in neutral zone.
0:04 of 1st period - Brayden Schenn is hit by Brent Seabrook and loses puck.
0:17 of 1st period - Slapshot by Mitch Marner.
0:17 of 1st period - Stopped by Alexandar Georgiev with a rebound.
0:27 of 1st period - Mathew Barzal is hit by Kyle Connor and loses puck.
0:52 of 1st period - Snap shot by Brandon Pirri.
0:52 of 1st period - Stopped by Alexandar Georgiev without a rebound.
0:53 of 1st period - Nate Thompson wins face-off versus Vinnie Hinostroza in Rangers zone.
0:54 of 1st period - Slapshot by Brandon Pirri.
0:54 of 1st period - Shot Misses the Net.
0:56 of 1st period - Snap shot by Adam Larsson.
0:56 of 1st period - Stopped by Alexandar Georgiev without a rebound.
0:57 of 1st period - Paul Byron wins face-off versus Nate Thompson in Rangers zone.
1:22 of 1st period - Wrist shot by Brandon Pirri.
1:22 of 1st period - Deflect By Magnus Paajarvi.
1:22 of 1st period - Stopped by Alexandar Georgiev with a rebound.
1:46 of 1st period - Snap shot by Brandon Pirri.
1:46 of 1st period - Stopped by Alexandar Georgiev with a rebound.
1:48 of 1st period - Snap shot by Jake Muzzin.
1:48 of 1st period - Deflect By Brandon Pirri.
1:48 of 1st period - Stopped by Alexandar Georgiev without a rebound.
1:49 of 1st period - Bryan Little wins face-off versus Matt Duchene in Rangers zone.
1:50 of 1st period - Wrist shot by Nino Niederreiter.
1:50 of 1st period - Shot Misses the Net.
1:52 of 1st period - Slapshot by Jake Muzzin.
1:52 of 1st period - Shot Misses the Net.
2:00 of 1st period - Wrist shot by Sven Baertschi.
2:00 of 1st period - Shot Misses the Net.
2:02 of 1st period - Slapshot by Jake Muzzin.
2:02 of 1st period - Stopped by Alexandar Georgiev without a rebound.
2:03 of 1st period - Ryan O'Reilly wins face-off versus Kyle Connor in Rangers zone.
2:14 of 1st period - Slapshot by Mitch Marner.
2:14 of 1st period - Deflect By Max Pacioretty.
2:14 of 1st period - Stopped by Alexandar Georgiev with a rebound.
3:06 of 1st period - Double Minor Penalty to Chris Kreider for High sticking.
3:07 of 1st period - Ryan O'Reilly wins face-off versus Matt Duchene in Canadiens zone.
3:18 of 1st period - Justin Williams is hit by Brent Seabrook.
3:24 of 1st period - Brayden Schenn is hit by Bryan Little and loses puck.
5:03 of 1st period - Ryan O'Reilly is hit by Dan Girardi.
5:19 of 1st period - Brett Pesce is hit by Matt Niskanen and loses puck.
6:00 of 1st period - Ryan O'Reilly is hit by Justin Williams and loses puck.
7:06 of 1st period - Penalty to Chris Kreider is over, Chris Kreider is back on ice.
7:13 of 1st period - Wrist shot by Chris Kreider.
7:13 of 1st period - Shot Misses the Net.
7:54 of 1st period - Slapshot by Jason Spezza.
7:54 of 1st period - Shot Misses the Net.
11:10 of 1st period - Snap shot by Nino Niederreiter.
11:10 of 1st period - Deflect By Bryan Little.
11:10 of 1st period - Shot Blocked by Kyle Connor.
11:10 of 1st period - Puck is out of play.
11:11 of 1st period - Matt Duchene wins face-off versus Bryan Little in Rangers zone.
11:24 of 1st period - Matt Duchene is hit by Brent Seabrook and loses puck.
11:37 of 1st period - Caleb Jones is hit by Andreas Athanasiou and loses puck.
11:44 of 1st period - Wrist shot by Mathew Barzal.
11:44 of 1st period - Stopped by Alexandar Georgiev with a rebound.
11:48 of 1st period - Wrist shot by Andreas Athanasiou.
11:48 of 1st period - Shot Misses the Net.
12:26 of 1st period - Backhand shot by Johan Larsson.
12:26 of 1st period - Shot Blocked by John Moore.
12:49 of 1st period - Wrist shot by Brayden Schenn.
12:49 of 1st period - Shot Blocked by Bryan Little.
12:59 of 1st period - John Moore is hit by Matt Niskanen and loses puck.
13:19 of 1st period - Slapshot by Mitch Marner.
13:19 of 1st period - Stopped by Alexandar Georgiev without a rebound.
13:20 of 1st period - Ryan O'Reilly wins face-off versus Matt Duchene in Rangers zone.
13:30 of 1st period - Minor Penalty to Ron Hainsey for Hooking.
13:31 of 1st period - Ryan O'Reilly wins face-off versus Brayden Schenn in Rangers zone.
13:33 of 1st period - Snap shot by Mitch Marner.
13:33 of 1st period - Stopped by Alexandar Georgiev with a rebound.
13:35 of 1st period - Snap shot by Ryan O'Reilly.
13:35 of 1st period - Deflect By Chris Kreider.
13:35 of 1st period - Stopped by Alexandar Georgiev with a rebound.
13:37 of 1st period - Snap shot by Mitch Marner.
13:37 of 1st period - Shot Misses the Net.
13:39 of 1st period - Slapshot by Jake Muzzin.
13:39 of 1st period - Shot Blocked by Brayden Schenn.
13:51 of 1st period - Erik Karlsson is hit by Ryan O'Reilly and loses puck.
14:28 of 1st period - Bryan Little is hit by Brayden Schenn.
15:30 of 1st period - Penalty to Ron Hainsey is over, Ron Hainsey is back on ice.
15:36 of 1st period - Nazem Kadri is hit by Brent Seabrook and loses puck.
16:37 of 1st period - Snap shot by Paul Byron.
16:37 of 1st period - Shot Misses the Net.
16:39 of 1st period - Snap shot by Oskar Sundqvist.
16:39 of 1st period - Stopped by Robin Lehner without a rebound.
16:40 of 1st period - Ryan O'Reilly wins face-off versus Vinnie Hinostroza in Canadiens zone.
16:45 of 1st period - Oskar Sundqvist is hit by Adam Larsson and loses puck.
17:51 of 1st period - Minor Penalty to Nate Thompson for High sticking.
17:52 of 1st period - Matt Duchene wins face-off versus Mitch Marner in Canadiens zone.
17:55 of 1st period - Snap shot by Matt Duchene.
17:55 of 1st period - Stopped by Robin Lehner with a rebound.
17:57 of 1st period - Wrist shot by Brayden Schenn.
17:57 of 1st period - Stopped by Robin Lehner without a rebound.
17:58 of 1st period - Mitch Marner wins face-off versus Matt Duchene in Canadiens zone.
18:24 of 1st period - Wrist shot by Mitch Marner.
18:24 of 1st period - Stopped by Alexandar Georgiev without a rebound.
18:25 of 1st period - Ryan O'Reilly wins face-off versus Kyle Connor in Rangers zone.
18:28 of 1st period - Wrist shot by Magnus Paajarvi.
18:28 of 1st period - Deflect By Kyle Connor.
18:28 of 1st period - Shot Misses the Net.
18:28 of 1st period - Puck is out of play.
18:29 of 1st period - Ryan O'Reilly wins face-off versus Nazem Kadri in Rangers zone.
19:51 of 1st period - Penalty to Nate Thompson is over, Nate Thompson is back on ice.
Goals for this period are 0 for Canadiens vs 0 for Rangers.
Shots for this period are 13 for Canadiens vs 3 for Rangers.

2nd period


0:01 of 2nd period - Ryan O'Reilly wins face-off versus Justin Williams in neutral zone.
0:06 of 2nd period - Wrist shot by Brayden Schenn.
0:06 of 2nd period - Stopped by Robin Lehner with a rebound.
0:08 of 2nd period - Slapshot by Justin Williams.
0:08 of 2nd period - Stopped by Robin Lehner with a rebound.
0:10 of 2nd period - Wrist shot by Matt Duchene.
0:10 of 2nd period - Shot Misses the Net.
0:12 of 2nd period - Wrist shot by Matt Niskanen.
0:12 of 2nd period - Shot Misses the Net.
0:14 of 2nd period - Wrist shot by Brayden Schenn.
0:14 of 2nd period - Shot Misses the Net.
0:16 of 2nd period - Slapshot by Matt Niskanen.
0:16 of 2nd period - Shot Blocked by Mitch Marner.
0:26 of 2nd period - Erik Karlsson is hit by Jake Muzzin.
0:54 of 2nd period - Wrist shot by Paul Byron.
0:54 of 2nd period - Shot Misses the Net.
0:56 of 2nd period - Slapshot by Caleb Jones.
0:56 of 2nd period - Shot Hit the Post.
0:58 of 2nd period - Snap shot by Caleb Jones.
0:58 of 2nd period - Stopped by Robin Lehner with a rebound.
1:27 of 2nd period - Wrist shot by Pierre-Edouard Bellemare.
1:27 of 2nd period - Deflect By Andreas Athanasiou.
1:27 of 2nd period - Shot Misses the Net.
1:27 of 2nd period - Puck is out of play.
1:28 of 2nd period - Jason Spezza wins face-off versus Mathew Barzal in Canadiens zone.
1:31 of 2nd period - Snap shot by Jason Spezza.
1:31 of 2nd period - Stopped by Robin Lehner without a rebound.
1:32 of 2nd period - Ryan O'Reilly wins face-off versus Jason Spezza in Canadiens zone.
1:38 of 2nd period - Off-side.
1:39 of 2nd period - Ryan O'Reilly wins face-off versus Matt Duchene in neutral zone.
1:48 of 2nd period - Wrist shot by Ryan O'Reilly.
1:48 of 2nd period - Stopped by Alexandar Georgiev without a rebound.
1:49 of 2nd period - Matt Duchene wins face-off versus Mathew Barzal in Rangers zone.
2:17 of 2nd period - Snap shot by Jason Zucker.
2:17 of 2nd period - Stopped by Robin Lehner without a rebound.
2:18 of 2nd period - Ryan O'Reilly wins face-off versus Kyle Connor in Canadiens zone.
2:29 of 2nd period - Snap shot by Kyle Connor.
2:29 of 2nd period - Shot Blocked by Max Pacioretty.
2:31 of 2nd period - Snap shot by Nazem Kadri.
2:31 of 2nd period - Shot Hit the Post.
2:33 of 2nd period - Wrist shot by Jason Zucker.
2:33 of 2nd period - Stopped by Robin Lehner with a rebound.
2:39 of 2nd period - Minor Penalty to Adam Larsson for Hooking.
2:40 of 2nd period - Matt Duchene wins face-off versus Ryan O'Reilly in Canadiens zone.
2:49 of 2nd period - Snap shot by Brayden Schenn.
2:49 of 2nd period - Stopped by Robin Lehner without a rebound.
2:50 of 2nd period - Ryan O'Reilly wins face-off versus Matt Duchene in Canadiens zone.
3:14 of 2nd period - Ryan O'Reilly is hit by Matt Duchene and loses puck.
4:29 of 2nd period - Off-side.
4:30 of 2nd period - Ryan O'Reilly wins face-off versus Kyle Connor in neutral zone.
4:38 of 2nd period - Off-side.
4:39 of 2nd period - Penalty to Adam Larsson is over, Adam Larsson is back on ice.
4:39 of 2nd period - Kyle Connor wins face-off versus Mathew Barzal in neutral zone.
4:46 of 2nd period - Wrist shot by Nazem Kadri.
4:46 of 2nd period - Stopped by Robin Lehner with a rebound.
4:48 of 2nd period - Wrist shot by Kyle Connor.
4:48 of 2nd period - Stopped by Robin Lehner without a rebound.
4:49 of 2nd period - Kyle Connor wins face-off versus Mathew Barzal in Canadiens zone.
4:50 of 2nd period - Slapshot by Jason Zucker.
4:50 of 2nd period - Deflect By Mathew Barzal.
4:50 of 2nd period - Goal by Jason Zucker - Canadiens : 0 - Rangers : 1.
4:51 of 2nd period - Mathew Barzal wins face-off versus Kyle Connor in neutral zone.
5:06 of 2nd period - Wrist shot by Mathew Barzal.
5:06 of 2nd period - Shot Misses the Net.
6:05 of 2nd period - Snap shot by Nazem Kadri.
6:05 of 2nd period - Stopped by Robin Lehner with a rebound.
6:43 of 2nd period - Slapshot by Paul Byron.
6:43 of 2nd period - Deflect By Oskar Sundqvist.
6:43 of 2nd period - Shot Misses the Net.
6:43 of 2nd period - Puck is out of play.
6:44 of 2nd period - Mitch Marner wins face-off versus Oskar Sundqvist in Canadiens zone.
7:15 of 2nd period - Snap shot by Erik Karlsson.
7:15 of 2nd period - Deflect By Max Pacioretty.
7:15 of 2nd period - Stopped by Robin Lehner with a rebound.
7:17 of 2nd period - Snap shot by Paul Byron.
7:17 of 2nd period - Shot Misses the Net.
7:19 of 2nd period - Slapshot by Paul Byron.
7:19 of 2nd period - Shot Misses the Net.
7:21 of 2nd period - Slapshot by Matt Niskanen.
7:21 of 2nd period - Stopped by Robin Lehner with a rebound.
8:03 of 2nd period - Wrist shot by Vinnie Hinostroza.
8:03 of 2nd period - Stopped by Robin Lehner with a rebound.
8:31 of 2nd period - Wrist shot by Ryan O'Reilly.
8:31 of 2nd period - Stopped by Alexandar Georgiev with a rebound.
8:33 of 2nd period - Snap shot by Max Pacioretty.
8:33 of 2nd period - Stopped by Alexandar Georgiev with a rebound.
8:35 of 2nd period - Wrist shot by Ryan O'Reilly.
8:35 of 2nd period - Stopped by Alexandar Georgiev with a rebound.
8:44 of 2nd period - Minor Penalty to Oskar Sundqvist for Tripping.
8:45 of 2nd period - Matt Duchene wins face-off versus Mathew Barzal in Rangers zone.
9:32 of 2nd period - Icing by Adam Larsson.
9:33 of 2nd period - Matt Duchene wins face-off versus Nino Niederreiter in Canadiens zone.
9:42 of 2nd period - Matt Duchene is hit by Brett Pesce and loses puck.
9:52 of 2nd period - Off-side.
9:53 of 2nd period - Kyle Connor wins face-off versus Nino Niederreiter in neutral zone.
10:41 of 2nd period - Backhand shot by Brayden Schenn.
10:41 of 2nd period - Stopped by Robin Lehner without a rebound.
10:42 of 2nd period - Mathew Barzal wins face-off versus Kyle Connor in Canadiens zone.
10:44 of 2nd period - Penalty to Oskar Sundqvist is over, Oskar Sundqvist is back on ice.
10:46 of 2nd period - Off-side.
10:47 of 2nd period - Kyle Connor wins face-off versus Mathew Barzal in neutral zone.
10:54 of 2nd period - Slapshot by Andreas Athanasiou.
10:54 of 2nd period - Shot Misses the Net.
10:56 of 2nd period - Snap shot by Andreas Athanasiou.
10:56 of 2nd period - Shot Blocked by Matt Niskanen.
10:58 of 2nd period - Snap shot by Andreas Athanasiou.
10:58 of 2nd period - Shot Misses the Net.
11:00 of 2nd period - Wrist shot by John Moore.
11:00 of 2nd period - Shot Blocked by Kyle Connor.
11:47 of 2nd period - Wrist shot by Brandon Pirri.
11:47 of 2nd period - Shot Misses the Net.
11:49 of 2nd period - Snap shot by Magnus Paajarvi.
11:49 of 2nd period - Stopped by Alexandar Georgiev with a rebound.
13:01 of 2nd period - Icing by Jake Muzzin.
13:02 of 2nd period - Mathew Barzal wins face-off versus Kyle Connor in Canadiens zone.
13:14 of 2nd period - Wrist shot by Kyle Connor.
13:14 of 2nd period - Shot Blocked by Mathew Barzal.
14:02 of 2nd period - Off-side.
14:03 of 2nd period - Justin Williams wins face-off versus Ryan O'Reilly in neutral zone.
15:15 of 2nd period - Slapshot by Travis Hamonic.
15:15 of 2nd period - Stopped by Alexandar Georgiev with a rebound.
15:17 of 2nd period - Snap shot by Max Pacioretty.
15:17 of 2nd period - Shot Blocked by Justin Williams.
15:19 of 2nd period - Slapshot by Travis Hamonic.
15:19 of 2nd period - Deflect By Brayden Schenn.
15:19 of 2nd period - Stopped by Alexandar Georgiev without a rebound.
15:20 of 2nd period - Matt Duchene wins face-off versus Ryan O'Reilly in Rangers zone.
15:29 of 2nd period - Matt Niskanen is hit by Max Pacioretty and loses puck.
15:34 of 2nd period - Wrist shot by Mitch Marner.
15:34 of 2nd period - Stopped by Alexandar Georgiev with a rebound.
15:36 of 2nd period - Snap shot by Max Pacioretty.
15:36 of 2nd period - Shot Misses the Net.
15:38 of 2nd period - Snap shot by John Moore.
15:38 of 2nd period - Shot Misses the Net.
15:40 of 2nd period - Snap shot by John Moore.
15:40 of 2nd period - Stopped by Alexandar Georgiev with a rebound.
15:48 of 2nd period - Snap shot by Ryan O'Reilly.
15:48 of 2nd period - Stopped by Alexandar Georgiev without a rebound.
15:49 of 2nd period - Kyle Connor wins face-off versus Andreas Athanasiou in Rangers zone.
16:02 of 2nd period - Snap shot by Kyle Connor.
16:02 of 2nd period - Shot Misses the Net.
16:04 of 2nd period - Wrist shot by Nazem Kadri.
16:04 of 2nd period - Stopped by Robin Lehner without a rebound.
16:05 of 2nd period - Bryan Little wins face-off versus Matt Duchene in Canadiens zone.
16:05 of 2nd period - Bryan Little is hit by Erik Karlsson.
16:39 of 2nd period - Wrist shot by Nino Niederreiter.
16:39 of 2nd period - Deflect By Sven Baertschi.
16:39 of 2nd period - Stopped by Alexandar Georgiev without a rebound.
16:40 of 2nd period - Matt Duchene wins face-off versus Mathew Barzal in Rangers zone.
18:22 of 2nd period - Slapshot by Chris Kreider.
18:22 of 2nd period - Stopped by Alexandar Georgiev with a rebound.
18:24 of 2nd period - Slapshot by Andreas Athanasiou.
18:24 of 2nd period - Shot Misses the Net.
18:26 of 2nd period - Wrist shot by Chris Kreider.
18:26 of 2nd period - Shot Blocked by Johan Larsson.
18:36 of 2nd period - Ryan O'Reilly is hit by Ron Hainsey and loses puck.
19:49 of 2nd period - Wrist shot by Bryan Little.
19:49 of 2nd period - Stopped by Alexandar Georgiev with a rebound.
Goals for this period are 0 for Canadiens vs 1 for Rangers.
Shots for this period are 13 for Canadiens vs 16 for Rangers.

3rd period


0:01 of 3rd period - Mathew Barzal wins face-off versus Matt Duchene in neutral zone.
0:26 of 3rd period - Kyle Connor is hit by Nino Niederreiter and loses puck.
0:47 of 3rd period - Snap shot by Ryan O'Reilly.
0:47 of 3rd period - Stopped by Alexandar Georgiev without a rebound.
0:48 of 3rd period - Ryan O'Reilly wins face-off versus Vinnie Hinostroza in Rangers zone.
1:22 of 3rd period - Snap shot by Andreas Athanasiou.
1:22 of 3rd period - Goal by Andreas Athanasiou - Canadiens : 1 - Rangers : 1.
1:23 of 3rd period - Matt Duchene wins face-off versus Mathew Barzal in neutral zone.
1:28 of 3rd period - Wrist shot by Matt Duchene.
1:28 of 3rd period - Stopped by Robin Lehner with a rebound.
1:30 of 3rd period - Slapshot by Brayden Schenn.
1:30 of 3rd period - Shot Blocked by Mathew Barzal.
1:32 of 3rd period - Wrist shot by Matt Duchene.
1:32 of 3rd period - Stopped by Robin Lehner without a rebound.
1:33 of 3rd period - Matt Duchene wins face-off versus Mathew Barzal in Canadiens zone.
1:56 of 3rd period - Snap shot by Matt Duchene.
1:56 of 3rd period - Goal by Matt Duchene - Canadiens : 1 - Rangers : 2.
1:57 of 3rd period - Bryan Little wins face-off versus Matt Duchene in neutral zone.
2:48 of 3rd period - Wrist shot by Mathew Barzal.
2:48 of 3rd period - Stopped by Alexandar Georgiev without a rebound.
2:49 of 3rd period - Jason Spezza wins face-off versus Bryan Little in Rangers zone.
2:54 of 3rd period - John Moore is hit by Dan Girardi and loses puck.
3:43 of 3rd period - Slapshot by Ron Hainsey.
3:43 of 3rd period - Shot Blocked by Chris Kreider.
3:45 of 3rd period - Snap shot by Jason Zucker.
3:45 of 3rd period - Goal by Jason Zucker - Canadiens : 1 - Rangers : 3.
3:46 of 3rd period - Bryan Little wins face-off versus Matt Duchene in neutral zone.
4:17 of 3rd period - Mathew Barzal is hit by Kyle Connor and loses puck.
4:24 of 3rd period - Kyle Connor is hit by Adam Larsson and loses puck.
4:37 of 3rd period - Snap shot by Kyle Connor.
4:37 of 3rd period - Goal by Kyle Connor - Canadiens : 1 - Rangers : 4.
4:38 of 3rd period - Nino Niederreiter wins face-off versus Matt Duchene in neutral zone.
6:35 of 3rd period - Wrist shot by Mathew Barzal.
6:35 of 3rd period - Shot Blocked by Nazem Kadri.
7:20 of 3rd period - Snap shot by Chris Kreider.
7:20 of 3rd period - Shot Misses the Net.
7:22 of 3rd period - Slapshot by Brent Seabrook.
7:22 of 3rd period - Shot Misses the Net.
7:24 of 3rd period - Wrist shot by Chris Kreider.
7:24 of 3rd period - Shot Misses the Net.
7:26 of 3rd period - Snap shot by Andreas Athanasiou.
7:26 of 3rd period - Shot Misses the Net.
7:28 of 3rd period - Slapshot by Mathew Barzal.
7:28 of 3rd period - Shot Misses the Net.
7:54 of 3rd period - Snap shot by Chris Kreider.
7:54 of 3rd period - Shot Misses the Net.
7:56 of 3rd period - Wrist shot by Chris Kreider.
7:56 of 3rd period - Shot Blocked by Matt Duchene.
7:58 of 3rd period - Snap shot by Mathew Barzal.
7:58 of 3rd period - Stopped by Alexandar Georgiev with a rebound.
8:00 of 3rd period - Snap shot by Brent Seabrook.
8:00 of 3rd period - Stopped by Alexandar Georgiev with a rebound.
8:02 of 3rd period - Snap shot by Andreas Athanasiou.
8:02 of 3rd period - Goal by Andreas Athanasiou - Canadiens : 2 - Rangers : 4.
8:03 of 3rd period - Bryan Little wins face-off versus Kyle Connor in neutral zone.
8:32 of 3rd period - Off-side.
8:33 of 3rd period - Paul Byron wins face-off versus Nate Thompson in neutral zone.
8:43 of 3rd period - Slapshot by Magnus Paajarvi.
8:43 of 3rd period - Stopped by Alexandar Georgiev with a rebound.
8:45 of 3rd period - Snap shot by Nate Thompson.
8:45 of 3rd period - Shot Misses the Net.
8:49 of 3rd period - Wrist shot by Magnus Paajarvi.
8:49 of 3rd period - Shot Blocked by Ben Harpur.
8:51 of 3rd period - Slapshot by John Moore.
8:51 of 3rd period - Stopped by Alexandar Georgiev with a rebound.
8:53 of 3rd period - Wrist shot by Nate Thompson.
8:53 of 3rd period - Shot Misses the Net.
8:55 of 3rd period - Snap shot by Brandon Pirri.
8:55 of 3rd period - Shot Misses the Net.
8:57 of 3rd period - Wrist shot by Travis Hamonic.
8:57 of 3rd period - Shot Blocked by Caleb Jones.
8:59 of 3rd period - Snap shot by Nate Thompson.
8:59 of 3rd period - Stopped by Alexandar Georgiev without a rebound.
9:00 of 3rd period - Ryan O'Reilly wins face-off versus Matt Duchene in Rangers zone.
9:27 of 3rd period - Max Pacioretty is hit by Erik Karlsson and loses puck.
9:34 of 3rd period - Slapshot by Erik Karlsson.
9:34 of 3rd period - Stopped by Robin Lehner with a rebound.
9:36 of 3rd period - Slapshot by Johan Larsson.
9:36 of 3rd period - Shot Misses the Net.
9:38 of 3rd period - Wrist shot by Johan Larsson.
9:38 of 3rd period - Shot Blocked by Travis Hamonic.
9:40 of 3rd period - Snap shot by Pierre-Edouard Bellemare.
9:40 of 3rd period - Stopped by Robin Lehner with a rebound.
10:09 of 3rd period - Adam Larsson is hit by Vinnie Hinostroza and loses puck.
10:36 of 3rd period - Snap shot by Brayden Schenn.
10:36 of 3rd period - Shot Blocked by Travis Hamonic.
10:38 of 3rd period - Slapshot by Erik Karlsson.
10:38 of 3rd period - Deflect By Matt Duchene.
10:38 of 3rd period - Shot Blocked by Andreas Athanasiou.
10:38 of 3rd period - Puck is out of play.
10:39 of 3rd period - Kyle Connor wins face-off versus Bryan Little in Canadiens zone.
11:31 of 3rd period - Slapshot by Paul Byron.
11:31 of 3rd period - Shot Misses the Net.
11:33 of 3rd period - Slapshot by Ben Harpur.
11:33 of 3rd period - Shot Misses the Net.
12:06 of 3rd period - Jason Zucker is hit by Sven Baertschi and loses puck.
12:25 of 3rd period - Matt Niskanen is hit by Max Pacioretty and loses puck.
12:47 of 3rd period - Wrist shot by Vinnie Hinostroza.
12:47 of 3rd period - Stopped by Robin Lehner with a rebound.
12:49 of 3rd period - Snap shot by Vinnie Hinostroza.
12:49 of 3rd period - Stopped by Robin Lehner without a rebound.
12:50 of 3rd period - Vinnie Hinostroza wins face-off versus Brandon Pirri in Canadiens zone.
13:17 of 3rd period - Nino Niederreiter is hit by Brayden Schenn.
13:25 of 3rd period - Wrist shot by Bryan Little.
13:25 of 3rd period - Shot Blocked by Brayden Schenn.
14:09 of 3rd period - Wrist shot by Johan Larsson.
14:09 of 3rd period - Shot Blocked by Andreas Athanasiou.
14:37 of 3rd period - Nate Thompson is hit by Justin Williams.
14:41 of 3rd period - Slapshot by Adam Larsson.
14:41 of 3rd period - Shot Misses the Net.
15:00 of 3rd period - Off-side.
15:01 of 3rd period - Ryan O'Reilly wins face-off versus Kyle Connor in neutral zone.
15:22 of 3rd period - Backhand shot by Ryan O'Reilly.
15:22 of 3rd period - Shot Blocked by Caleb Jones.
15:24 of 3rd period - Slapshot by Travis Hamonic.
15:24 of 3rd period - Shot Blocked by Jason Zucker.
15:26 of 3rd period - Slapshot by Jake Muzzin.
15:26 of 3rd period - Stopped by Alexandar Georgiev with a rebound.
15:42 of 3rd period - Nazem Kadri is hit by Max Pacioretty and loses puck.
16:14 of 3rd period - Caleb Jones is hit by John Moore and loses puck.
16:35 of 3rd period - Snap shot by Ryan O'Reilly.
16:35 of 3rd period - Stopped by Alexandar Georgiev without a rebound.
16:36 of 3rd period - Bryan Little wins face-off versus Justin Williams in Rangers zone.
16:45 of 3rd period - Wrist shot by Matt Duchene.
16:45 of 3rd period - Stopped by Robin Lehner with a rebound.
16:47 of 3rd period - Slapshot by Brayden Schenn.
16:47 of 3rd period - Shot Misses the Net.
16:49 of 3rd period - Slapshot by Brayden Schenn.
16:49 of 3rd period - Shot Misses the Net.
16:51 of 3rd period - Slapshot by Matt Niskanen.
16:51 of 3rd period - Shot Blocked by Sven Baertschi.
16:51 of 3rd period - Sven Baertschi from Canadiens is injured at 16:51 of 3rd period (Bruised Right Leg).
16:52 of 3rd period - Bryan Little wins face-off versus Matt Duchene in Canadiens zone.
17:04 of 3rd period - Snap shot by Nino Niederreiter.
17:04 of 3rd period - Stopped by Alexandar Georgiev with a rebound.
17:07 of 3rd period - Icing by Justin Williams.
17:08 of 3rd period - Bryan Little wins face-off versus Matt Duchene in Rangers zone.
17:36 of 3rd period - Wrist shot by Paul Byron.
17:36 of 3rd period - Shot Hit the Post.
17:38 of 3rd period - Snap shot by Oskar Sundqvist.
17:38 of 3rd period - Stopped by Robin Lehner with a rebound.
17:40 of 3rd period - Slapshot by Erik Karlsson.
17:40 of 3rd period - Deflect By Vinnie Hinostroza.
17:40 of 3rd period - Stopped by Robin Lehner with a rebound.
17:50 of 3rd period - Paul Byron is hit by Travis Hamonic.
18:08 of 3rd period - Wrist shot by Andreas Athanasiou.
18:08 of 3rd period - Stopped by Alexandar Georgiev with a rebound.
18:10 of 3rd period - Wrist shot by Chris Kreider.
18:10 of 3rd period - Shot Blocked by Kyle Connor.
18:28 of 3rd period - Wrist shot by Bryan Little.
18:28 of 3rd period - Stopped by Alexandar Georgiev with a rebound.
18:30 of 3rd period - Slapshot by Brett Pesce.
18:30 of 3rd period - Shot Blocked by Jason Spezza.
19:28 of 3rd period - Nazem Kadri is hit by Magnus Paajarvi and loses puck.
Goals for this period are 2 for Canadiens vs 3 for Rangers.
Shots for this period are 14 for Canadiens vs 12 for Rangers.